 Dungeon Crawl Stone Soup version 0.28-a0-297-g99b01970c5 (webtiles) character file.

Game seed: 14794117414085963090

1 Anathary the Skirmisher (level 1, -4/18 HPs)
             Began as a Demonspawn Cinder Acolyte on Aug 29, 2021.
             Was a High Priest of Ignis.
             Slain by a gnoll (10 damage)
             ... on level 1 of the Dungeon.
             The game lasted 00:01:02 (116 turns).

Anathary the Skirmisher (Demonspawn Cinder Acolyte)  Turns: 116, Time: 00:01:02

Health: -4/18      AC:  2    Str: 15    XL:     1   Next: 16%
Magic:  0/2        EV: 11    Int: 14    God:    Ignis [*****.]
Gold:   0          SH:  0    Dex:  8    Spells: 1/2 levels left

rFire   + . .      SeeInvis .   a - -1 hand axe (flame)
rCold   . . .      Faith    .   (no shield)
rNeg    . . .      Spirit   .   b - +0 robe
rPois   .          Reflect  .   (no helmet)
rElec   .          Harm     .   (no cloak)
rCorr   .          Rampage  .   (no gloves)
Will    .....                   (no boots)
Stlth   +.........              (no amulet)
HPRegen 0.06/turn               (no ring)
MPRegen 0.08/turn               (no ring)

@: lethally poisoned (-4 -> -11), very slightly contaminated
A: no striking features
a: Renounce Religion, Sea of Fire, Foxfire Swarm, Rising Flame


You were on level 1 of the Dungeon.
You worshipped Ignis.
Ignis was extremely pleased with you.
You visited 1 branch of the dungeon, and saw 1 of its levels.

Inventory:

Hand Weapons
 a - a -1 hand axe of flaming (weapon)
Armour
 b - a +0 robe (worn)
Scrolls
 c - a scroll of fog {unknown}
Potions
 d - a potion of curing {unknown}


   Skills:
 + Level 3.0 Fighting
 + Level 2.8 Axes
 + Level 1.0 Spellcasting
 + Level 0.8 Fire Magic


You had one spell level left.
You knew the following spells:

 Your Spells              Type           Power      Damage    Failure   Level
a - Foxfire               Conj/Fire      4%         2x1d4     22%         1

Your spell library contained the following spells:

 Spells                   Type           Power      Damage    Failure   Level


Dungeon Overview and Level Annotations

Branches:
Dungeon (1/15)

Altars:


Message History

Drop what? 2/52 slots (_ for help) (? for menu, Esc to quit)
Okay, then.
There is a staircase leading out of the dungeon here.
c - a scroll labelled WYMOUT AGEOBUJUXUM
Found a stone staircase leading down.
A giant cockroach comes into view.
The giant cockroach bites you.
You hit the giant cockroach. You burn the giant cockroach.
You kill the giant cockroach!
You see here a giant cockroach corpse.
Okay, then.
Found a pair of gloves.
You see here a +0 pair of gloves.
Found a pink potion.
d - a pink potion A rat and a gnoll come into view.
The gnoll is wielding a +2 whip of venom.
Found a stone staircase leading down.
The gnoll shouts!
You hear a shout!
A kobold comes into view. It is wielding a +0 whip.
The rat moves out of view.
You hear an angry hiss.
Found 10 gold pieces.
The gnoll completely misses you.
You barely miss the gnoll. You closely miss the rat. The rat barely misses you.
The gnoll hits you with a +2 whip of venom.
You are poisoned.
Casting: Foxfire (safe; 22% risk of failure)
Confirm with . or Enter, or press ? or * to list all spells.
You miscast Foxfire.
You are very lightly contaminated with residual magic.
Nothing appears to happen.
You feel very sick. The rat bites you. The gnoll barely misses you.
Casting: Foxfire (safe; 22% risk of failure)
Confirm with . or Enter, or press ? or * to list all spells.
You conjure some foxfire!
You feel sick. The rat bites you.
The gnoll hits you with a +2 whip of venom!
Ouch! That really hurt!
You die...

#.###.###.... #. #.
#.##...# #.# #.
#.#.###.# #.# #..##
#.##.# # ##.## #.#.#
.# #..# #...# #.##
#..## ##.#.# #...#.#
#.#.## ##.##.##v.....#
#.#..###.###.v@gK....#
#.#.#...## ####r.....#
#.#.##.............>.#
#.#.###############..#
#.#.# .# #.#.. # ###


You could see a gnoll (ally target), a kobold and a rat (ally target).

Vanquished Creatures
  A giant cockroach (D:1)
1 creature vanquished.

Notes
Turn   | Place    | Note
-------+----------+-------------------------------------------
     0 | D:1      | Anathary the Demonspawn Cinder Acolyte began the quest for
                  | the Orb.
     0 | D:1      | Reached XP level 1. HP: 18/18 MP: 2/2
   116 | D:1      | Slain by a gnoll

Illustrated notes

Levels and vault maps discovered:
D:1:      eino_arrival_druids_welcome, layout_loops_ring

Action                   || total
-------------------------++-------
Melee: Hand axe          ||     2
 Cast: Foxfire           ||     1
Dodge: Dodged            ||     3

Table legend: (Time is in decaauts)
 A = Elapsed time spent in this place.
 B = Non-inter-level travel time spent in this place.
 C = Inter-level travel time spent in this place.
 D = Time resting spent in this place.
 E = Time spent auto-exploring this place.
 F = Levels seen in this place.
 G = Mean time per level.
                   A        B        C        D        E       F      G
               +--------+--------+--------+--------+--------+-----+--------+
         Total |    116 |    116 |      0 |      0 |      0 |   1 |  116.0 |
       Dungeon |    116 |    116 |      0 |      0 |      0 |   1 |  116.0 |
               +--------+--------+--------+--------+--------+-----+--------+

Top non-repeatable levels by time:
     D:1: 116 daAuts
